 Seeded DCSS version 0.28-a0-1567-g1695149f81 (webtiles) character file.

Game seed: 138 (custom seed)

8698 knot the Cleaver (level 11, 62/75 HPs)
             Began as a Demonspawn Berserker on Jan 19, 2022.
             Was an Elder of Trog.
             Quit the game on level 10 of the Dungeon.
             The game lasted 00:11:49 (12474 turns).

knot the Cleaver (Demonspawn Berserker)            Turns: 12474, Time: 00:11:50

Health: 62/75      AC: 11    Str: 21    XL:     11   Next: 13%
Magic:  11/11      EV: 15    Int: 13    God:    Trog [****..]
Gold:   578        SH:  0    Dex: 13    Spells: 10/10 levels left

rFire   + . .      SeeInvis .   J - +9 war axe of Calamity {freeze, rN+ rCorr Str+4 Stlth-}
rCold   + . .      Faith    .   (no shield)
rNeg    + . .      Spirit   .   k - +0 ring mail {rC+}
rPois   +          Reflect  .   (helmet restricted)
rElec   .          Harm     .   x - +1 cloak {rPois}
rCorr   +          Rampage  .   e - +0 pair of gloves
Will    .....                   y - +0 pair of boots
Stlth   ..........              u - amulet of the acrobat
HPRegen 1.22/turn               f - ring of protection from fire
MPRegen 0.24/turn               E - +4 ring of evasion

@: no status effects
A: antennae 2, slimy green scales 1, powered by death 2, magic regeneration
a: Renounce Religion, Berserk, Trog's Hand, Brothers in Arms


You were on level 10 of the Dungeon.
You worshipped Trog.
Trog was greatly pleased with you.
You visited 1 branch of the dungeon, and saw 10 of its levels.

You collected 578 gold pieces.

Inventory:

Hand Weapons
 a - a +0 hand axe
 j - a +1 hand axe of flaming
 G - a +0 hand axe of electrocution
 J - the +9 war axe of Calamity (weapon) {freeze, rN+ rCorr Str+4 Stlth-}
   (You found it on level 8 of the Dungeon)

   It freezes those it strikes, dealing additional cold damage.
   It can also slow down cold-blooded creatures.
   Str:       It affects your strength (+4).
   rN:        It protects you from negative energy.
   rCorr:     It protects you from acid and corrosion.
   Stlth:     It makes you less stealthy.
Missiles
 c - 161 stones
 i - 4 boomerangs
 t - 10 poisoned darts (quivered)
 z - 2 datura-tipped darts
 T - 33 sling bullets
 U - 5 javelins
Armour
 e - a +0 pair of gloves (worn)
 k - a +0 ring mail of cold resistance (worn)
 r - a +1 leather armour of fire resistance
 x - a +1 cloak of poison resistance (worn)
 y - a +0 pair of boots (worn)
 R - a +0 cloak of preservation
Jewellery
 b - a ring of ice
 f - a ring of protection from fire (left hand)
 s - a ring of protection from fire
 u - an amulet of the acrobat (around neck)
 E - a +4 ring of evasion (right hand)
 M - a ring of ice
 Q - a +6 ring of dexterity
Wands
 v - a wand of acid (2)
 A - a wand of iceblast (16)
 H - a wand of paralysis (16)
Scrolls
 d - 2 scrolls of identify
 h - a scroll of fog
 w - a scroll of noise
 B - a scroll of enchant armour
 C - 2 scrolls of immolation
 D - 2 scrolls of blinking
 F - 3 scrolls of teleportation
 I - a scroll of torment {unknown}
 N - a scroll of vulnerability {unknown}
 P - a scroll of enchant weapon {unknown}
 S - a scroll of silence {unknown}
Potions
 g - 5 potions of heal wounds
 l - 2 potions of ambrosia
 m - 3 potions of might
 n - 5 potions of haste
 o - 3 potions of curing
 p - a potion of flight
 q - a potion of mutation
 K - a potion of cancellation {unknown}
 L - 3 potions of berserk rage {unknown}
 O - a potion of degeneration {unknown}


   Skills:
 - Level 3.0 Fighting
 + Level 14.7 Axes
 * Level 6.1 Throwing
 - Level 1.7 Armour
 - Level 1.7 Dodging


You had 10 spell levels left.
You didn't know any spells.
Your spell library contained the following spells:

 Spells                   Type           Power      Damage    Failure   Level
 Animate Skeleton         Necr           0%         N/A       45%         1
 Apportation              Tloc           0%         N/A       45%         1
 Sting                    Tmut/Pois      0%         1d3       45%         1
 Summon Small Mammal      Summ           0%         N/A       45%         1
 Sublimation of Blood     Necr           0%         N/A       58%         2
 Gell's Gravitas          Tloc           0%         N/A       83%         3
 Lesser Beckoning         Tloc           0%         N/A       83%         3
 Portal Projectile        Hex/Tloc       0%         N/A       83%         3
 Teleport Other           Tloc           0%         N/A       83%         3
 Tukima's Dance           Hex            0%         N/A       83%         3
 Anguish                  Hex/Necr       0%         N/A       99%         4
 Passage of Golubria      Tloc           0%         N/A       99%         4
 Petrify                  Tmut/Erth      0%         N/A       99%         4
 Summon Lightning Spire   Summ/Air       0%         N/A       99%         4
 Blade Hands              Tmut           0%         N/A       100%        5
 Excruciating Wounds      Necr           0%         N/A       100%        5
 Irradiate                Conj/Tmut      0%         3d14      100%        5
 Yara's Violent Unravell  Hex/Tmut       0%         3d3       100%        5
 Statue Form              Tmut/Erth      0%         N/A       100%        6
 Enfeeble                 Hex            0%         N/A       100%        7
 Necromutation            Tmut/Necr      0%         N/A       100%        8


Dungeon Overview and Level Annotations

Branches:
Dungeon (10/15)            Temple (0/1) D:4            Lair (0/6) D:8
    Orc (0/2) D:9

Altars:
Ashenzari
Dithmenos
Elyvilon
Fedhas
Gozag
Hepliaklqana
Makhleb
Okawaru
Ru
Uskayaw
Vehumet
Wu Jian
Zin
Beogh
Jiyva

Shops:
D:3 *   D:6 *   D:7 *   D:8 *


Innate Abilities, Weirdness & Mutations

You have a pair of antennae on your head.
You are partially covered in slimy green scales. (AC +2)
You regenerate health from kills.
You regenerate magic rapidly.


Message History

Trog accepts your kill.
You slash the yak! You freeze the yak.
You kill the yak!
Trog accepts your kill.
You hit the yak. You freeze the yak. You barely miss the yak.
The yak is moderately wounded.
You slash the yak! You freeze the yak. The yak misses you.
The yak gores you but does no damage.
You barely miss the yak.
The yak is moderately wounded.
You slash the yak! You freeze the yak. The yak barely misses you.
The yak gores you!
You slash the yak! You freeze the yak.
You kill the yak!
Trog accepts your kill.
You barely miss the yak.
Your Throwing skill increases to level 6!
You barely miss the yak.
The yak is moderately wounded.
The yak gores you but does no damage.
You closely miss the yak.
The yak is moderately wounded.
The yak gores you but does no damage.
You hit the yak. You freeze the yak.
The yak is heavily wounded.
The yak gores you but does no damage.
You closely miss the yak.
The yak is heavily wounded.
You barely miss the yak.
The yak is heavily wounded.
The yak misses you.
You hit the yak. You freeze the yak. You punch the yak.
The yak is heavily wounded.
The yak barely misses you.
You slice the yak!! You freeze the yak.
You kill the yak!
Trog accepts your kill.
No target in view!
Are you sure you want to abandon this character and quit the game? (Confirm with "yes".)

....... .......
############
.......
.......)...#
.......
##########.####
....... #....##
.......
####..##†......
##..@†......
####.......
....... .......
#######


There were no monsters in sight!

Vanquished Creatures
  A boulder beetle (D:9)
  Urug (D:10)
  A cyclops (D:7)
  Maurice (D:9)
  3 centaur zombies
  An unseen horror (D:7)
  Grinder (D:3)
  2 hornets
  A vampire (D:8)
  9 yaks
  2 wyverns
  A steam dragon (D:9)
  Edmund (D:5)
  2 water moccasins
  4 orc warriors
  3 centaurs
  3 bullfrogs
  4 scorpions
  A gnoll sergeant (D:8)
  A water moccasin skeleton (D:4)
  8 wights
  5 killer bees (D:7)
  A howler monkey (D:6)
  2 hounds (D:5)
  5 jellies
  A gnoll shaman (D:8)
  7 orc priests
  Crazy Yiuf (D:5)
  Jessica (D:3)
  6 iguanas
  Natasha (thrice) (D:3)
  12 orc wizards
  A killer bee zombie (D:8)
  2 hound skeletons (D:4)
  2 howler monkey zombies
  10 gnolls (D:8)
  8 adders
  A white imp (D:6)
  A worm (D:2)
  6 dart slugs
  49 orcs
  5 endoplasms
  4 giant cockroaches
  5 goblins
  8 hobgoblins
  7 jackals
  7 kobolds
  3 quokkas
  6 ball pythons
  8 bats
  A frilled lizard (D:3)
  A rat (D:1)
230 creatures vanquished.

Notes
Turn   | Place    | Note
-------+----------+-------------------------------------------
     0 | D:1      | knot the Demonspawn Berserker began the quest for the Orb.
     0 | D:1      | Reached XP level 1. HP: 18/18 MP: 1/1
   263 | D:1      | Reached skill level 3 in Axes
   318 | D:1      | Gained mutation: You have a pair of small antennae on your
                  | head. [demonic ancestry]
   318 | D:1      | Reached XP level 2. HP: 23/24 MP: 2/2
   414 | D:1      | Found a faded altar of an unknown god.
   414 | D:1      | Noticed a shining eye
   418 | D:1      | Noticed a floating eye
   418 | D:1      | Noticed a shining eye
   418 | D:1      | Noticed an eye of devastation
   548 | D:1      | Got Sif Muna's Volume of Flying Transmigration
   734 | D:2      | Reached XP level 3. HP: 29/29 MP: 3/3
   737 | D:2      | Reached ** piety under Trog
   987 | D:2      | Reached skill level 4 in Axes
  1723 | D:2      | Gained mutation: You regenerate a little health from kills.
                  | [demonic ancestry]
  1723 | D:2      | Reached XP level 4. HP: 33/35 MP: 4/4
  2415 | D:3      | Found Adghauck's Assorted Antiques.
  2597 | D:3      | Noticed Grinder
  2597 | D:3      | Noticed Natasha
  2606 | D:3      | HP: 2/52 [Natasha/magic dart (6)]
  2607 | D:3      | Killed Natasha
  2608 | D:3      | Reached skill level 5 in Axes
  2611 | D:3      | Killed Grinder
  2612 | D:3      | Reached skill level 6 in Axes
  2612 | D:3      | Gained mutation: You have a pair of antennae on your head.
                  | [demonic ancestry]
  2612 | D:3      | Reached XP level 5. HP: 5/41 MP: 5/5
  2612 | D:3      | Reached XP level 6. HP: 6/47 MP: 6/6
  2684 | D:3      | Noticed Natasha
  2694 | D:3      | Killed Natasha
  2753 | D:3      | Noticed Natasha
  2772 | D:3      | Killed Natasha
  3522 | D:3      | Noticed Jessica
  3531 | D:3      | Killed Jessica
  3603 | D:3      | Found an ornate altar of the Wu Jian Council.
  3996 | D:4      | Reached skill level 7 in Axes
  4248 | D:4      | Found a staircase to the Ecumenical Temple.
  4383 | D:4      | Reached XP level 7. HP: 51/52 MP: 7/7
  4965 | D:5      | Entered Level 5 of the Dungeon
  5417 | D:5      | Found a blossoming altar of Fedhas.
  5418 | D:5      | Noticed Edmund
  5434 | D:5      | Killed Edmund
  5435 | D:5      | Reached skill level 8 in Axes
  6080 | D:5      | Found a runed translucent door.
  6081 | D:5      | Noticed Crazy Yiuf
  6379 | D:5      | Killed Crazy Yiuf
  6511 | D:6      | Reached skill level 9 in Axes
  6511 | D:6      | Gained mutation: You regenerate health from kills. [demonic
                  | ancestry]
  6511 | D:6      | Reached XP level 8. HP: 57/57 MP: 8/8
  6683 | D:6      | You fall into a shaft and drop 1 floor!
  6683 | D:7      | Noticed a cyclops
  6689 | D:7      | Killed a cyclops
  6690 | D:7      | Reached skill level 10 in Axes
  7514 | D:6      | Reached skill level 11 in Axes
  7547 | D:6      | Reached XP level 9. HP: 16/63 MP: 9/9
  7983 | D:6      | Found Diekumi's Desiderata Depot.
  8799 | D:7      | Reached skill level 12 in Axes
  9454 | D:7      | Killed an unseen horror
  9528 | D:7      | Found Kiti Cuo's General Store.
  9586 | D:7      | Found a radiant altar of Vehumet.
  9656 | D:7      | Found a hide-covered altar of Uskayaw.
  9790 | D:8      | Found Zin's Purification Station.
  9804 | D:8      | Identified the +9 war axe of Calamity {freeze, rN+ rCorr
                  | Str+4 Stlth-}
  9844 | D:8      | Reached skill level 13 in Axes
  9868 | D:8      | Gained mutation: You regenerate magic rapidly. [demonic
                  | ancestry]
  9868 | D:8      | Reached XP level 10. HP: 70/70 MP: 10/10
 10334 | D:8      | Found a staircase to the Lair.
 10461 | D:8      | Found a broken altar of Ashenzari.
 10465 | D:8      | Found a shadowy altar of Dithmenos.
 10469 | D:8      | Found a burning altar of Makhleb.
 10503 | D:8      | Found a hazy altar of Hepliaklqana.
 10507 | D:8      | Found a sacrificial altar of Ru.
 10755 | D:9      | Reached *** piety under Trog
 10756 | D:9      | Reached skill level 14 in Axes
 10813 | D:9      | Found an opulent altar of Gozag.
 10964 | D:9      | Noticed a boulder beetle
 10975 | D:9      | Killed a boulder beetle
 11386 | D:9      | Found a viscous altar of Jiyva.
 11400 | D:9      | Noticed Maurice
 11408 | D:9      | Killed Maurice
 11511 | D:9      | Found a staircase to the Orcish Mines.
 11702 | D:10     | Entered Level 10 of the Dungeon
 11792 | D:10     | Found an iron altar of Okawaru.
 11819 | D:10     | Reached **** piety under Trog
 11878 | D:10     | Reached skill level 5 in Throwing
 12155 | D:10     | Noticed Urug
 12162 | D:10     | Killed Urug
 12163 | D:10     | Gained mutation: You are partially covered in slimy green
                  | scales. (AC +2) [demonic ancestry]
 12163 | D:10     | Reached XP level 11. HP: 45/75 MP: 11/11
 12474 | D:10     | Quit the game

Illustrated notes

Levels and vault maps discovered:
D:1:      dpeg_arrival_rooms_a, layout_basic,
          hellmonk_ecumenical_altar_watching_god, minmay_misc_feat_nine_boxes
D:2:      layout_rooms
D:3:      layout_rooms, mainiacjoe_overflow_surrounded_room, serial_shops, shop,
          uniq_grinder, uniq_natasha, uniq_jessica
D:4:      layout_basic, minmay_temple_entry_offerings
D:5:      layout_loops_cross, mainiacjoe_overflow_alcove_1, uniq_edmund,
          uniq_crazy_yiuf_cottage
D:6:      layout_rooms, nicolae_alphabet_shops, kennysheep_donut
D:7:      layout_rooms, lemuel_tele_altar, mainiacjoe_overflow_tiny_flanked,
          serial_shops, nicolae_lakefront_shop
D:8:      layout_loops_ring, minitemple, zin_purify,
          grunt_temple_overflow_diamond, lair_entry_dummy
D:9:      layout_basic, nicolae_gozag_cash_rules_everything_around_me,
          minmay_orc_entry_temple_small, jiyva_altar_1, uniq_maurice
D:10:     layout_roguey, okawaru_gym_becter, uniq_urug

Skill      XL: |  1  2  3  4  5  6  7  8  9 10 11 |
---------------+----------------------------------+-----
Axes           | 3 4 6 7 9 11 13 14 | 14.7
Throwing       | 5 6 |  6.1
Fighting       | |  3.0
Armour         | |  1.7
Dodging        | |  1.7

Action                   |  1- 3 |  4- 6 |  7- 9 | 10-12 || total
-------------------------+-------+-------+-------+-------++-------
Melee: Hand axe          |    97 |   141 |   335 |       ||   573
       Punch             |     2 |     1 |     8 |     3 ||    14
       War axe           |       |       |    27 |   144 ||   171
Invok: Berserk           |     5 |     7 |    15 |       ||    27
       Trog's Hand       |       |       |     3 |       ||     3
Evoke: Wand              |       |       |     3 |     2 ||     5
  Use: Scroll            |       |       |    10 |       ||    10
       Potion            |       |       |       |     1 ||     1
 Stab: Sleeping          |     1 |     1 |       |       ||     2
       Paralysed         |       |       |       |     5 ||     5
Armor: Animal skin       |    25 |    15 |       |       ||    40
       Ring mail         |       |    18 |   115 |    25 ||   158
Dodge: Dodged            |    70 |    80 |   181 |   115 ||   446

Table legend: (Time is in decaauts)
 A = Elapsed time spent in this place.
 B = Non-inter-level travel time spent in this place.
 C = Inter-level travel time spent in this place.
 D = Time resting spent in this place.
 E = Time spent auto-exploring this place.
 F = Levels seen in this place.
 G = Mean time per level.
                   A        B        C        D        E       F      G
               +--------+--------+--------+--------+--------+-----+--------+
         Total |  12608 |  12309 |    299 |   5239 |   5719 |  10 | 1260.8 |
       Dungeon |  12608 |  12309 |    299 |   5239 |   5719 |  10 | 1260.8 |
               +--------+--------+--------+--------+--------+-----+--------+

Top non-repeatable levels by time:
     D:5: 2016 daAuts
     D:2: 1731 daAuts
     D:6: 1551 daAuts
     D:3: 1476 daAuts
     D:7: 1236 daAuts
     D:4: 1127 daAuts
     D:8: 996 daAuts
     D:9: 969 daAuts
    D:10: 761 daAuts
     D:1: 740 daAuts
